AoeStats
← Rotrex

Nomad

509648559Analyzed
4v4 RM · 3d ago on Sep 27, 2026· 47m 12s· 8 players
Game mode
Random Map
Map size
231×231
Population
200
Speed
Normal
Resources
Standard
Victory
Conquest
Starting age
Dark Age
Ending age
Imperial Age
RankedLock teamsTeams togetherTeam positionsShared explorationLock speedFull tech treeHidden civsTurbo modeCheats
Victory
Defeat
🇧🇪 Varangians · Belgium
1473
+11
🇨🇳 Saxons · China
1466
+11
🇪🇸 Spanish · Spain
1276
+19
🇨🇦 Maya · Canada
1249
+19
🇫🇮 Lithuanians · Finland
1419
-18
🇪🇸 Italians · Spain
1375
-16
🇩🇪 Shu · Germany
1363
-16
🇪🇸 Sicilians · Spain
1222
-10
IkerJura23783
2:59 Loom
15:24 Feudal Age
16:31 Double-Bit Axe
17:12 Stone Mining
21:22 Horse Collar
24:21 Castle Age
22:25 Gold Mining
25:52 Bow Saw
39:03 Imperial Age
37:51 Bloodlines
38:06 Scale Mail Armor
38:20 Forging
40:06 Hauberk
40:41 Scale Barding Armor
41:12 Cavalier
43:15 Husbandry
47:03 Heavy Plow
Rotrex
4:48 Loom
12:47 Feudal Age
13:46 Double-Bit Axe
17:29 Wheelbarrow
24:17 Castle Age
22:46 Gold Mining
22:53 Fishing Lines
30:01 Imperial Age
28:23 Gillnets
28:59 Stone Mining
29:23 Bow Saw
30:42 Stone Shaft Mining
31:50 Two-Man Saw
32:05 Chemistry
31:29 Ballistics
31:04 Fletching
31:14 Padded Archer Armor
31:56 Bodkin Arrow
33:03 Hand Cart
34:15 Bracer
34:30 Leather Archer Armor
33:59 Treadmill Crane
35:22 Medium Warships
36:24 Ring Archer Armor
36:13 Murder Holes
36:24 Horse Collar
37:22 Heavy Warships
37:19 Town Watch
37:52 Elite Genoese Crossbowman
41:48 Heavy Plow
42:29 Bloodlines
42:19 Husbandry
41:39 Light Cavalry
42:28 Scale Barding Armor
42:34 Forging
43:31 Conscription
43:47 Chain Barding Armor
43:54 Hussar
7777777
3:04 Loom
13:15 Feudal Age
17:01 Double-Bit Axe
22:00 Castle Age
22:54 Medium Warships
23:02 Bow Saw
28:31 Stone Mining
28:32 Gold Mining
29:29 Fletching
29:45 Scale Barding Armor
29:50 Forging
30:57 Horse Collar
31:23 Town Watch
36:16 Wheelbarrow
40:32 Heavy Plow
41:11 Stone Shaft Mining
41:01 Bloodlines
42:24 Bloodlines
46:51 Imperial Age
Simon
5:19 Loom
13:11 Feudal Age
14:06 Double-Bit Axe
16:54 Castle Age
15:43 Horse Collar
17:46 Bow Saw
17:38 Fletching
18:18 Bodkin Arrow
20:34 Crossbowman
22:10 Wheelbarrow
22:17 Gold Mining
29:04 Ballistics
32:11 Imperial Age
29:58 Hand Cart
30:51 Thumb Ring
30:48 Padded Archer Armor
30:49 Elite Skirmisher
31:56 Heavy Plow
32:54 Bolt Magazine
33:16 Bracer
33:14 Arbalester
34:12 Leather Archer Armor
35:13 Chemistry
34:04 Elite Skirmisher
36:06 Ring Archer Armor
39:06 Scale Mail Armor
39:16 Forging
39:09 Squires
41:46 Chain Mail Armor
42:59 Plate Mail Armor
_Suko_
4:11 Loom
12:52 Feudal Age
18:24 Castle Age
19:07 Town Watch
19:14 Fletching
23:28 Padded Archer Armor
25:59 Horse Collar
29:43 Bodkin Arrow
31:34 Leather Archer Armor
31:25 Scale Barding Armor
32:53 Gold Mining
34:04 Double-Bit Axe
34:59 Wheelbarrow
36:09 Hand Cart
40:39 Imperial Age
39:18 Heavy Plow
40:06 Bloodlines
39:57 Husbandry
41:10 Chain Barding Armor
41:17 Ballistics
42:21 Chemistry
41:57 Bow Saw
43:14 Bracer
43:45 Ring Archer Armor
43:07 Elite Conquistador
47:35 Plate Barding Armor
Whop
4:51 Loom
12:39 Feudal Age
15:12 Gold Mining
16:21 Town Watch
16:22 Fishing Lines
18:44 Fletching
19:35 Double-Bit Axe
22:39 Castle Age
23:53 Medium Warships
23:39 Bodkin Arrow
24:55 Bow Saw
27:20 Siphons
27:30 Careening
27:45 Horse Collar
28:43 Heavy Plow
31:02 Stone Mining
32:42 Wheelbarrow
35:47 Imperial Age
34:27 Scale Mail Armor
34:37 Forging
35:28 Hand Cart
35:34 Chain Mail Armor
36:08 Squires
35:53 Arson
36:49 Iron Casting
37:08 Gambesons
38:48 Two-Man Saw
38:44 Plate Mail Armor
38:14 Capped Ram
40:19 Blast Furnace
42:00 Crop Rotation
42:20 Siege Ram
43:10 Elite Varangian Guard
44:46 Gothikon
47:59 Conscription
EigenVector
12:50 Feudal Age
11:19 Loom
13:49 Double-Bit Axe
14:14 Gold Mining
21:20 Castle Age
20:16 Fletching
20:55 Horse Collar
21:29 Padded Archer Armor
21:27 Crossbowman
22:03 Bodkin Arrow
23:29 Wheelbarrow
23:58 Leather Archer Armor
25:32 Ballistics
26:19 Thumb Ring
27:14 Hand Cart
30:15 Scale Mail Armor
30:26 Forging
33:04 Eagle Warrior
34:25 Chain Mail Armor
34:49 Squires
35:58 Iron Casting
35:52 Arson
38:04 Bow Saw
44:27 Imperial Age
44:39 Stone Mining
44:28 Elite Eagle Warrior
45:53 Holcans
47:10 Plate Mail Armor
48:28 Blast Furnace
黑炎胖虎茶
9:29 Loom
14:12 Feudal Age
15:44 Double-Bit Axe
18:14 Castle Age
16:30 Fishing Lines
19:52 Bow Saw
20:44 Gillnets
21:53 Horse Collar
25:27 Wheelbarrow
25:40 Town Watch
26:32 Hand Cart
27:00 Gold Mining
27:05 Stone Mining
28:14 Fletching
28:44 Redemption
29:56 Town Patrol
34:20 Imperial Age
32:47 Forging
32:37 Scale Mail Armor
33:02 Bodkin Arrow
34:39 Iron Casting
34:27 Padded Archer Armor
35:39 Gold Shaft Mining
34:30 Elite Hearth Troop
36:12 Bracer
37:03 Chain Mail Armor
38:11 Conscription
39:18 Chemistry
40:05 Plate Mail Armor
39:44 Squires
39:44 Elite Skirmisher
39:56 Elite Hearth Troop
43:33 Clerical Recruitment
43:39 Shield Wall
46:43 Two-Man Saw
46:07 Guilds
46:07 Siege Engineers
45:43 Treadmill Crane
46:14 Masonry
46:26 Ballistics
Connection lost

Rejoining the realm…

Still unreachable

The connection could not be restored.

Session expired

The server has moved on; the page needs a fresh start.